TOP OF THE 1ST |
Washington Huskies batting - Pitching for South Carolina Gamecocks : RHP Leslie Simpson
|
Pitching: RHP Leslie Simpson
|
|
Batting: RHB Jeff O'Toole
|
0-0: Fly out, F8 (Flyball, 8RM)
|
Batting: SHB José Ruíz
|
0-0: Ball 1-0: Foul Ball, location: 2F 1-1: SINGLE (Groundball, 6MD)
|
Batting: RHB Carlos Sousa
|
0-0: Called Strike 0-1: Called Strike 0-2: Ball José Ruíz is caught stealing 2nd base 1-2: Ball 2-2: Ball 3-2: Foul Ball, location: 2F 3-2: Strikes out swinging
|
Top of the 1st over - 0 run(s), 1 hit(s), 0 error(s), 0 left on base; Washington 0 - South Carolina 0 |
BOTTOM OF THE 1ST |
South Carolina Gamecocks batting - Pitching for Washington Huskies : RHP Rodger Hernández
|
Pitching: RHP Rodger Hernández
|
|
Batting: RHB Rob DeWitt
|
0-0: Called Strike 0-1: DOUBLE (Line Drive, 7LM)
|
Batting: RHB Edward Green
|
0-0: Called Strike 0-1: Ball 1-1: Ball 2-1: Ground out 1-3 (Groundball, 15S)
|
Batting: LHB Bill Walter
|
0-0: SINGLE (Line Drive, 89M) Rob DeWitt to third Runner from 3rd tries for Home, SAFE, throw made home
|
Batting: LHB Chandler Pitts
|
0-0: Fly out, F8 (Flyball, 8LM)
|
Batting: LHB Gilberto Ortíz
|
0-0: Called Strike 0-1: SINGLE (Line Drive, 4D) Bill Walter to second
|
Batting: RHB Ryan Campbell
|
0-0: Swinging Strike 0-1: SINGLE (Groundball, 3D) Bill Walter to third Gilberto Ortíz to second Runner from 3rd tries for Home, SAFE, no throw
|
Batting: SHB Darrel Wise
|
0-0: Ball 1-0: Called Strike 1-1: Ball 2-1: Foul Ball, location: 2F 2-2: Foul Ball, location: 2F 2-2: Foul Ball, location: 2F 2-2: Ball 3-2: DOUBLE (Flyball, 9LD) Gilberto Ortíz scores Ryan Campbell to third Ryan Campbell scores
|
Batting: RHB José Maldonado
|
0-0: Called Strike 0-1: Swinging Strike 0-2: Foul Ball, location: 2F 0-2: Strikes out swinging
|
Bottom of the 1st over - 4 run(s), 5 hit(s), 0 error(s), 1 left on base; Washington 0 - South Carolina 4 |
TOP OF THE 2ND |
Washington Huskies batting - Pitching for South Carolina Gamecocks : RHP Leslie Simpson
|
Batting: RHB Jack Dean
|
0-0: Ball 1-0: Ground out 4-3 (Groundball, 4M)
|
Batting: RHB Samuel Robbins
|
0-0: Called Strike 0-1: Ball 1-1: Ball 2-1: Swinging Strike 2-2: Strikes out looking
|
Batting: RHB Ben Johnson
|
0-0: Ball 1-0: Called Strike 1-1: Ball 2-1: Ball 3-1: Foul Ball, location: 2F 3-2: Foul Ball, location: 2F 3-2: Base on Balls
|
Batting: RHB Jeff Shephard
|
0-0: Ball 1-0: Swinging Strike 1-1: Swinging Strike 1-2: Ball 2-2: Foul Ball, location: 2F 2-2: Strikes out swinging
|
Top of the 2nd over - 0 run(s), 0 hit(s), 0 error(s), 1 left on base; Washington 0 - South Carolina 4 |
BOTTOM OF THE 2ND |
South Carolina Gamecocks batting - Pitching for Washington Huskies : RHP Rodger Hernández
|
Batting: SHB Ron Sims
|
0-0: SINGLE (Groundball, 56D)
|
Batting: RHB Rob DeWitt
|
0-0: Called Strike 0-1: Ball 1-1: SINGLE (Flyball, 89S) Ron Sims to second Runner from 2nd tries for 3rd, SAFE, throw made to third
|
Batting: RHB Edward Green
|
0-0: Fly out, F8 (Flyball, 8LD) Runner from 3rd tags up, SCORES, no throw
|
Batting: LHB Bill Walter
|
0-0: Foul Ball, location: 2F 0-1: Swinging Strike 0-2: Fly out, F9 (Flyball, 89S)
|
Batting: LHB Chandler Pitts
|
0-0: Foul Ball, location: 2F 0-1: Foul Ball, location: 2F 0-2: Ball Rob DeWitt is caught stealing 2nd base
|
Bottom of the 2nd over - 1 run(s), 2 hit(s), 0 error(s), 0 left on base; Washington 0 - South Carolina 5 |
TOP OF THE 3RD |
Washington Huskies batting - Pitching for South Carolina Gamecocks : RHP Leslie Simpson
|
Batting: RHB Erik Carbajal
|
0-0: Ball 1-0: Called Strike 1-1: Swinging Strike 1-2: Foul Ball, location: 2F 1-2: Ball 2-2: Fly out, F8 (Line Drive, 8RM)
|
Batting: RHB Jim Hooper
|
0-0: Foul Ball, location: 2F 0-1: Ball 1-1: Swinging Strike 1-2: Strikes out looking
|
Batting: RHB Jeff O'Toole
|
0-0: Ball 1-0: Called Strike 1-1: Ball 2-1: Ball 3-1: Base on Balls
|
Batting: SHB José Ruíz
|
0-0: Called Strike 0-1: Foul Ball, location: 2F 0-2: Foul Ball, location: 2F 0-2: 2-RUN HOME RUN (Flyball, 9LD), Distance : 318 ft
|
Batting: RHB Carlos Sousa
|
0-0: Called Strike 0-1: Called Strike 0-2: Ball 1-2: Strikes out swinging
|
Top of the 3rd over - 2 run(s), 1 hit(s), 0 error(s), 0 left on base; Washington 2 - South Carolina 5 |
BOTTOM OF THE 3RD |
South Carolina Gamecocks batting - Pitching for Washington Huskies : RHP Rodger Hernández
|
Batting: LHB Chandler Pitts
|
0-0: Swinging Strike 0-1: SINGLE (Line Drive, 9S)
|
Batting: LHB Gilberto Ortíz
|
0-0: Ball 1-0: SINGLE (Line Drive, 7S) Chandler Pitts to second
|
Batting: RHB Ryan Campbell
|
0-0: Called Strike 0-1: Ball 1-1: Foul Ball, location: 2F 1-2: Ball 2-2: SINGLE (Line Drive, 6MD) Chandler Pitts to third Gilberto Ortíz to second
|
Batting: SHB Darrel Wise
|
0-0: Called Strike 0-1: Swinging Strike 0-2: Ball 1-2: Strikes out swinging
|
Batting: RHB José Maldonado
|
0-0: Called Strike 0-1: Swinging Strike 0-2: Ball 1-2: Ball 2-2: Strikes out looking
|
Batting: SHB Ron Sims
|
0-0: Swinging Strike 0-1: Ball 1-1: Ball 2-1: Foul Ball, location: 2F 2-2: Ball 3-2: Strikes out looking
|
Bottom of the 3rd over - 0 run(s), 3 hit(s), 0 error(s), 3 left on base; Washington 2 - South Carolina 5 |
TOP OF THE 4TH |
Washington Huskies batting - Pitching for South Carolina Gamecocks : RHP Leslie Simpson
|
Batting: RHB Jack Dean
|
0-0: Ball 1-0: Swinging Strike 1-1: DOUBLE (Flyball, 8LD)
|
Batting: RHB Samuel Robbins
|
0-0: Ball 1-0: Called Strike 1-1: Swinging Strike 1-2: Ball 2-2: Foul Ball, location: 2F 2-2: Foul Ball, location: 2F 2-2: Foul Ball, location: 2F 2-2: Foul Ball, location: 2F 2-2: Strikes out swinging
|
Batting: RHB Ben Johnson
|
0-0: Fly out, F7 (Flyball, 78S)
|
Batting: RHB Jeff Shephard
|
0-0: Ball 1-0: Foul Ball, location: 2F 1-1: Fly out, F6 (Popup, 6)
|
Top of the 4th over - 0 run(s), 1 hit(s), 0 error(s), 1 left on base; Washington 2 - South Carolina 5 |
BOTTOM OF THE 4TH |
South Carolina Gamecocks batting - Pitching for Washington Huskies : RHP Rodger Hernández
|
Batting: RHB Rob DeWitt
|
0-0: Ball 1-0: Ground out 1-3 (Groundball, 15S)
|
Batting: RHB Edward Green
|
0-0: Ground out 5-3 (Groundball, 56)
|
Batting: LHB Bill Walter
|
0-0: Called Strike 0-1: Ball 1-1: Foul Ball, location: 2F 1-2: Ball 2-2: Ball 3-2: Base on Balls
|
Batting: LHB Chandler Pitts
|
0-0: Ball 1-0: Ball 2-0: Foul Ball, location: 2F 2-1: Ball 3-1: Called Strike 3-2: Fly out, F9 (Flyball, 9)
|
Bottom of the 4th over - 0 run(s), 0 hit(s), 0 error(s), 1 left on base; Washington 2 - South Carolina 5 |
TOP OF THE 5TH |
Washington Huskies batting - Pitching for South Carolina Gamecocks : RHP Leslie Simpson
|
Batting: RHB Erik Carbajal
|
0-0: Ball 1-0: Ball 2-0: Foul Ball, location: 2F 2-1: Fly out, F7 (Line Drive, 78S)
|
Batting: RHB Jim Hooper
|
0-0: Ball 1-0: Foul Ball, location: 2F 1-1: SINGLE (Flyball, 4MD)
|
Batting: RHB Jeff O'Toole
|
0-0: Swinging Strike 0-1: Ball 1-1: Ball 2-1: Foul Ball, location: 2F 2-2: Strikes out swinging
|
Pitching: RHP Keith Thomas
|
|
Batting: SHB José Ruíz
|
0-0: Ball 1-0: Called Strike Jim Hooper steals 2nd base 1-1: Foul Ball, location: 2F 1-2: Fly out, F9 (Flyball, 9S)
|
Top of the 5th over - 0 run(s), 1 hit(s), 0 error(s), 1 left on base; Washington 2 - South Carolina 5 |
BOTTOM OF THE 5TH |
South Carolina Gamecocks batting - Pitching for Washington Huskies : RHP Rodger Hernández
|
Batting: LHB Gilberto Ortíz
|
0-0: Foul Ball, location: 2F 0-1: Called Strike 0-2: Ball 1-2: Strikes out looking
|
Batting: RHB Ryan Campbell
|
0-0: Called Strike 0-1: Ball 1-1: Called Strike 1-2: Foul Ball, location: 2F 1-2: Ball Error on foul ball, E5 2-2: Ball 3-2: Fly out, F8 (Flyball, 89M)
|
Batting: SHB Darrel Wise
|
0-0: Foul Ball, location: 2F 0-1: Called Strike 0-2: Foul Ball, location: 2F 0-2: Ball 1-2: Foul Ball, location: 2F 1-2: Ball 2-2: Foul Ball, location: 2F 2-2: Foul Ball, location: 2F 2-2: SOLO HOME RUN (Flyball, 9D), Distance : 354 ft
|
Pitching: RHP Christian Coleman
|
|
Batting: RHB José Maldonado
|
0-0: Swinging Strike 0-1: Ball 1-1: Called Strike 1-2: Ball 2-2: Strikes out looking
|
Bottom of the 5th over - 1 run(s), 1 hit(s), 1 error(s), 0 left on base; Washington 2 - South Carolina 6 |
TOP OF THE 6TH |
Washington Huskies batting - Pitching for South Carolina Gamecocks : RHP Keith Thomas
|
Batting: RHB Carlos Sousa
|
0-0: Ball 1-0: Ball 2-0: Ball 3-0: Base on Balls
|
Batting: RHB Jack Dean
|
0-0: Ball 1-0: Called Strike 1-1: Foul Ball, location: 2F 1-2: Ball 2-2: Foul Ball, location: 2F 2-2: Strikes out swinging
|
Batting: RHB Samuel Robbins
|
0-0: Called Strike Carlos Sousa steals 2nd base 0-1: Ground out 6-3 (Groundball, 6)
|
Batting: RHB Ben Johnson
|
0-0: Ball 1-0: Fly out, F4 (Popup, 4MD)
|
Top of the 6th over - 0 run(s), 0 hit(s), 0 error(s), 1 left on base; Washington 2 - South Carolina 6 |
BOTTOM OF THE 6TH |
South Carolina Gamecocks batting - Pitching for Washington Huskies : RHP Christian Coleman
|
Batting: SHB Ron Sims
|
0-0: Swinging Strike 0-1: Foul Ball, location: 2F 0-2: Foul Ball, location: 2F 0-2: Ball 1-2: Ball 2-2: Fly out, F6 (Popup, 5D)
|
Batting: RHB Rob DeWitt
|
0-0: Called Strike 0-1: Swinging Strike 0-2: Fly out, F9 (Flyball, 9S)
|
Batting: RHB Edward Green
|
0-0: Called Strike 0-1: Foul Ball, location: 2F 0-2: Ball 1-2: Strikes out swinging
|
Bottom of the 6th over - 0 run(s), 0 hit(s), 0 error(s), 0 left on base; Washington 2 - South Carolina 6 |
TOP OF THE 7TH |
Washington Huskies batting - Pitching for South Carolina Gamecocks : RHP Keith Thomas
|
Batting: RHB Jeff Shephard
|
0-0: Ball 1-0: Ball 2-0: Ball 3-0: Called Strike 3-1: Base on Balls
|
Batting: RHB Erik Carbajal
|
0-0: Called Strike 0-1: Foul Ball, location: 2F 0-2: Strikes out swinging
|
Batting: RHB Jim Hooper
|
0-0: Ball 1-0: Called Strike 1-1: Ball 2-1: DOUBLE (Flyball, 78M) Jeff Shephard to third
|
Batting: RHB Jeff O'Toole
|
0-0: Fly out, F9 (Line Drive, 9)
|
Batting: SHB José Ruíz
|
0-0: Swinging Strike 0-1: Ball 1-1: Foul Ball, location: 2F 1-2: Foul Ball, location: 2F 1-2: Ball 2-2: Strikes out swinging
|
Top of the 7th over - 0 run(s), 1 hit(s), 0 error(s), 2 left on base; Washington 2 - South Carolina 6 |
BOTTOM OF THE 7TH |
South Carolina Gamecocks batting - Pitching for Washington Huskies : RHP Christian Coleman
|
Batting: LHB Bill Walter
|
0-0: Fly out, F7 (Flyball, 7LSF)
|
Batting: LHB Chandler Pitts
|
0-0: Ball 1-0: SINGLE (Line Drive, 4MD)
|
Batting: LHB Gilberto Ortíz
|
0-0: Ground out U3 (Groundball, 3S) Chandler Pitts to second
|
Batting: RHB Ryan Campbell
|
0-0: Ball 1-0: Called Strike 1-1: Called Strike 1-2: Ball 2-2: Foul Ball, location: 2F 2-2: Ball 3-2: Strikes out swinging
|
Bottom of the 7th over - 0 run(s), 1 hit(s), 0 error(s), 1 left on base; Washington 2 - South Carolina 6 |
TOP OF THE 8TH |
Washington Huskies batting - Pitching for South Carolina Gamecocks : RHP Keith Thomas
|
Batting: RHB Carlos Sousa
|
0-0: Ball 1-0: Fly out, F9 (Flyball, 9S)
|
Batting: RHB Jack Dean
|
0-0: Ball 1-0: Swinging Strike 1-1: SINGLE (Groundball, 34D)
|
Batting: RHB Samuel Robbins
|
0-0: Called Strike 0-1: Called Strike 0-2: Strikes out swinging
|
Batting: RHB Ben Johnson
|
0-0: Called Strike 0-1: Fly out, F9 (Flyball, 9LM)
|
Top of the 8th over - 0 run(s), 1 hit(s), 0 error(s), 1 left on base; Washington 2 - South Carolina 6 |
BOTTOM OF THE 8TH |
South Carolina Gamecocks batting - Pitching for Washington Huskies : RHP Christian Coleman
|
Batting: SHB Darrel Wise
|
0-0: Ball 1-0: Swinging Strike 1-1: Foul Ball, location: 2F 1-2: Strikes out looking
|
Batting: RHB José Maldonado
|
0-0: Fly out, F8 (Flyball, 8LD)
|
Batting: SHB Ron Sims
|
0-0: Ball 1-0: Foul Ball, location: 2F 1-1: Foul Ball, location: 2F 1-2: Ground out 4-3 (Groundball, 4)
|
Bottom of the 8th over - 0 run(s), 0 hit(s), 0 error(s), 0 left on base; Washington 2 - South Carolina 6 |
TOP OF THE 9TH |
Washington Huskies batting - Pitching for South Carolina Gamecocks : RHP Keith Thomas
|
Pitching: LHP José Carlos
|
|
Batting: RHB Jeff Shephard
|
0-0: Ball 1-0: Foul Ball, location: 2F 1-1: Called Strike 1-2: Ball 2-2: Ball 3-2: DOUBLE (Flyball, 9)
|
Batting: RHB Erik Carbajal
|
0-0: Called Strike 0-1: Swinging Strike 0-2: Ball 1-2: SINGLE (Line Drive, 78S) Jeff Shephard to third Runner from 3rd tries for Home, SAFE, throw made home
|
Batting: RHB Jim Hooper
|
0-0: Ball 1-0: Called Strike 1-1: Ball 2-1: Ball 3-1: Base on Balls Erik Carbajal to second
|
Batting: RHB Jeff O'Toole
|
0-0: Called Strike 0-1: Foul Ball, location: 2F 0-2: SINGLE (Line Drive, 6D) Erik Carbajal to third Jim Hooper to second Runner from 3rd tries for Home, SAFE, throw made home Jim Hooper to third Jeff O'Toole to second
|
Pitching: RHP Joseph Salinas
|
|
Batting: SHB José Ruíz
|
0-0: Fly out, F4 (Popup, 34D)
|
Batting: RHB Carlos Sousa
|
0-0: Called Strike 0-1: Foul Ball, location: 2F 0-2: Ball 1-2: Foul Ball, location: 2F 1-2: Strikes out swinging
|
Batting: RHB Jack Dean
|
0-0: Ball 1-0: Ball 2-0: Ball 3-0: Base on Balls
|
Batting: RHB Samuel Robbins
|
0-0: Called Strike 0-1: Ball 1-1: SINGLE (Line Drive, 5D) Jim Hooper scores Jeff O'Toole to third Jack Dean to second
|
Batting: RHB Ben Johnson
|
0-0: Ball 1-0: Ball 2-0: Ball 3-0: Base on Balls Jeff O'Toole scores Jack Dean to third Samuel Robbins to second
|
Pinch Hitting: RHB Tomás Fernández
|
0-0: Swinging Strike 0-1: Fly out, F9 (Flyball, 9D)
|
Top of the 9th over - 4 run(s), 4 hit(s), 0 error(s), 3 left on base; Washington 6 - South Carolina 6 |
BOTTOM OF THE 9TH |
South Carolina Gamecocks batting - Pitching for Washington Huskies : RHP Christian Coleman
|
Now at 1B: Tomás Fernández
|
|
Batting: RHB Rob DeWitt
|
0-0: Ball 1-0: Ball 2-0: Foul Ball, location: 2F 2-1: Ball 3-1: Base on Balls
|
Batting: RHB Edward Green
|
0-0: Ball Wild Pitch! Rob DeWitt to second 1-0: Foul Ball, location: 2F 1-1: Swinging Strike 1-2: SINGLE (Groundball, 56D) Rob DeWitt to third Runner from 3rd tries for Home, SAFE, no throw
|
Thursday, March 30th, 2017 - OOTP Baseball 17.12 Build 75
|
|